 Dungeon Crawl Stone Soup version 0.28.0-53-g5a82cb258f (webtiles) character file.

Game seed: 16948016102438035111

34 Palewisp the Sneak (level 3, 12/16 HPs)
             Began as a Spriggan Enchanter on July 5, 2022.
             Was a Follower of Cheibriados.
             Quit the game on level 1 of the Dungeon.
             The game lasted 00:06:32 (571 turns).

Palewisp the Sneak (Spriggan Enchanter)              Turns: 571, Time: 00:06:32

Health: 12/16      AC:  2    Str:  6    XL:     3   Next: 14%
Magic:  7/8        EV: 17    Int: 20    God:    Cheibriados [*.....]
Gold:   72         SH:  0    Dex: 17    Spells: 0/8 levels left

rFire   . . .      SeeInvis +   a - +1 dagger
rCold   . . .      Faith    .   (no shield)
rNeg    . . .      Spirit   .   b - +0 robe
rPois   .          Reflect  .   (helmet restricted)
rElec   .          Harm     .   (no cloak)
rCorr   .          Rampage  .   (gloves unavailable)
Will    .....                   (boots unavailable)
Stlth   +++.......              (no amulet)
HPRegen 0.05/turn               g - ring of wizardry
MPRegen 0.11/turn               (no ring)

@: no status effects
A: very small, no large weapons, unfitting armour, see invisible, speed 3
a: Renounce Religion, Bend Time


You were on level 1 of the Dungeon.
You worshipped Cheibriados.
Cheibriados was aware of your devotion.
You visited 1 branch of the dungeon, and saw 1 of its levels.

You collected 72 gold pieces.

Inventory:

Hand Weapons
 a - a +1 dagger (weapon)
 d - a +0 hunting sling
Armour
 b - a +0 robe (worn)
Jewellery
 e - a ring of see invisible
 g - a ring of wizardry (left hand)
Potions
 c - a potion of invisibility
 f - a potion of heal wounds {unknown}


   Skills:
 - Level 1.1 Short Blades
 - Level 2.6 Dodging
 + Level 5.5 Stealth
 - Level 3.0 Spellcasting
 - Level 4.0 Hexes
 - Level 1.0 Ice Magic


You couldn't memorise any spells.
You knew the following spells:

 Your Spells              Type           Power      Damage    Failure   Level
q - Tukima's Dance        Hex            19%        N/A       3%          3
x - Confusing Touch       Hex            19%        N/A       3%          3
z - Ensorcelled Hibernat  Hex/Ice        26%        N/A       3%          2

Your spell library contained the following spells:

 Spells                   Type           Power      Damage    Failure   Level
 Dazzling Flash           Conj/Hex       22%        N/A       8%          3


Dungeon Overview and Level Annotations

Branches:
Dungeon (1/15)

Altars:
Cheibriados


Innate Abilities, Weirdness & Mutations

You are very small and have problems with some larger weapons.
You are too small for most types of armour.
You have supernaturally acute eyesight. (SInv)
You cover ground extremely quickly. (Speed+++)


Message History

Aim: a ball python (chance to affect: 62%)
The ball python looks drowsy...
The helpless ball python fails to defend itself.
You impale the ball python!!
You kill the ball python!
A rat comes into view.
The helpless rat fails to defend itself.
You impale the rat!!
You kill the rat!
You now have 51 gold pieces (gained 17).
An endoplasm comes into view.
The endoplasm quivers.
The endoplasm freezes you.
You are frozen.
Casting: Ensorcelled Hibernation (safe; 3% risk of failure)
Confirm with . or Enter, or press ? or * to list all spells.
Aiming: Ensorcelled Hibernation (safe; 3% risk of failure)
Press: ? - help, Shift-Dir - straight line, f - endoplasm
Aim: an endoplasm (chance to affect: 62%)
The endoplasm looks drowsy...
The helpless endoplasm fails to defend itself.
You impale the endoplasm!!
You kill the endoplasm!
You open the door.
Found 13 gold pieces.
Found a faded altar of an unknown god.
There is an open door here.
Found 8 gold pieces.
You now have 64 gold pieces (gained 13).
You now have 72 gold pieces (gained 8).
You open the door.
There is an open door here.
There is a faded altar of an unknown god here.
You cannot tell which god this altar belongs to.
Convert to them anyway?
Cheibriados accepts your prayer! Cheibriados welcomes you!
Cheibriados begins to support your attributes as your movement slows.
Cheibriados is now slowing the effects of poison on you.
You can now bend time to slow others.
Cheibriados raises the support of your attributes as your movement slows.
Are you sure you want to abandon this character and quit the game? (Confirm with "yes".)

######.#.........##
#...##.#..###.#####
#####'#.......###.#####
#P....####.............
#.###8##.......##.#####
#.#P..##.....#....# #
#.#.#.##.......#### #
#.'.#.P###....## #
###########P@P#####.# #
....# ##PP# #.# #...##
##.# #.# ###....######
P. #.# ##......#....#
8## #.# #.....<.#....#
P. #.# #......>#....#
+# #.# #.#####'#....#
#.# #.# #.#.>..#
#.######


There were no monsters in sight!

Vanquished Creatures
  A gnoll (D:1)
  2 dart slugs (D:1)
  4 ball pythons (D:1)
  2 endoplasms (D:1)
  2 giant cockroaches (D:1)
  A goblin (D:1)
  2 quokkas (D:1)
  4 bats (D:1)
  2 rats (D:1)
20 creatures vanquished.

Notes
Turn   | Place    | Note
-------+----------+-------------------------------------------
     0 | D:1      | Palewisp the Spriggan Enchanter began the quest for the
                  | Orb.
     0 | D:1      | Reached XP level 1. HP: 9/9 MP: 5/5
   102 | D:1      | Reached skill level 1 in Ice Magic
   244 | D:1      | Reached XP level 2. HP: 11/13 MP: 6/6
   260 | D:1      | Learned a level 2 spell: Ensorcelled Hibernation
   422 | D:1      | Reached skill level 5 in Stealth
   464 | D:1      | Reached XP level 3. HP: 16/16 MP: 3/8
   478 | D:1      | Learned a level 3 spell: Confusing Touch
   482 | D:1      | Learned a level 3 spell: Tukima's Dance
   554 | D:1      | Found a faded altar of an unknown god.
   570 | D:1      | Prayed at the altar of an unknown god.
   570 | D:1      | Became a worshipper of Cheibriados the Contemplative
   570 | D:1      | Reached * piety under Cheibriados
   571 | D:1      | Quit the game

Illustrated notes

Levels and vault maps discovered:
D:1:      dpeg_arrival_connections, layout_loops_ring,
          shapermc_ecumenical_altar_ellora, minmay_pentomino_w2

Skill      XL: |  1  2 |
---------------+-------+-----
Ice Magic      | 1 |  1.0
Spellcasting   | 3 |  3.0
Hexes          | 4 |  4.0
Stealth        | 5 |  5.5
Short Blades   | |  1.1
Dodging        | |  2.6

Action                   || total
-------------------------++-------
Melee: Dagger            ||    50
 Cast: Ensorcelled Hiber ||     9
 Stab: Sleeping          ||    13
       Distracted        ||     1
Armor: Robe              ||     9
Dodge: Dodged            ||    31
